 Dungeon Sprint DCSS version 0.30-a0-949-g53dc5368d7 (webtiles) character file.

Game seed: 10773216972638815763

1006 dialectric the Fighter (level 8, -1/59 HPs)
             Began as a Gargoyle Fighter on Mar 27, 2023.
             Was a Follower of Trog.
             Slain by a yaktaur (11 damage)
             ... in the Dungeon (Sprint II: "The Violet Keep of Menkaure").
             The game lasted 00:02:52 (290 turns).

dialectric the Fighter (Gargoyle Fighter)            Turns: 290, Time: 00:02:53

Health: -1/59      AC: 15    Str: 21    XL:     8   Next: 20%
Magic:  8/8        EV: 11    Int:  8    God:    Trog [*.....]
Gold:   649        SH:  0    Dex: 11    Spells: 7/7 levels left

rFire   . . .      SeeInvis .    a - +0 long sword
rCold   . . .      Faith    .    (no shield)
rNeg    + . .      Spirit   .    b - +0 scale mail
rPois   ∞          Reflect  .    (no helmet)
rElec   +          Rampage  .    (no cloak)
rCorr   .          NoTele   +    (no gloves)
Will    .....                    t - +0 pair of boots Stlth
                                 (no amulet)
HPRegen 0.29/turn                (no ring)
MPRegen 0.11/turn                (no ring)

@: on berserk cooldown, slowed, very slow
A: sickness immunity, AC +5, negative energy resistance 1, electricity
resistance, torment resistance 1, petrification resistance
a: Renounce Religion, Berserk


You were in the Dungeon.
You worshipped Trog.
Trog was aware of your devotion.
You visited 1 branch You collected 649 gold pieces.

Inventory:

Hand Weapons
 a - a +0 long sword (weapon)
Missiles
 d - 3 poisoned darts (quivered)
Armour
 b - a +0 scale mail (worn)
 c - a +0 buckler
 m - a +0 chain mail
 t - a +0 pair of boots (worn)
 x - a +3 ring mail
Jewellery
 w - an amulet of reflection
Scrolls
 j - a scroll of magic mapping {unknown}
 k - a scroll of brand weapon {unknown}
 l - a scroll of vulnerability {unknown}
 n - 2 scrolls of poison {unknown}
 r - a scroll of fear {unknown}
 s - a scroll of identify {unknown}
 u - a scroll of summoning {unknown}
Potions
 e - 2 potions of curing
 f - a potion of heal wounds
 h - 6 potions of magic
 o - a potion of cancellation {unknown}
 p - 3 potions of resistance {unknown}
 q - 3 potions of flight {unknown}
 v - 2 potions of might


   Skills:
 + Level 10.9 Fighting
 * Level 9.6 Long Blades
 + Level 10.1 Armour
 - Level 5.0 Dodging
 + Level 0.1 Stealth
 - Level 3.2 Shields


You had 7 spell levels left.
You didn't know any spells.
Your spell library was empty.

Dungeon Overview and Level Annotations

Branches:
Dungeon (1/1)

Altars:
Cheibriados
Dithmenos
Elyvilon
Fedhas
Gozag
Hepliaklqana
Kikubaaqudgha
Makhleb
Nemelex Xobeh
Okawaru
Qazlal
Ru
Sif Muna
Trog
Uskayaw
Vehumet
Wu Jian
Xom
Yredelemnul
Zin
The Shining One
Jiyva
Lugonu


Innate Abilities, Weirdness & Mutations

You are immune to sickness and miasma.
Your stone body is resilient. (AC +5)
You are immune to poison.
You resist negative energy. (rN+)
You are resistant to electric shocks. (rElec)
You are resistant to unholy torment.
You are immune to petrification.


Message History

You hit the yaktaur.
The yaktaur is lightly wounded.
The yaktaur hits you.
Your unstable footing causes you to fumble your attack.
Your extra speed is starting to run out.
The yaktaur hits you!
You hit the yaktaur.
The yaktaur is lightly wounded.
The yaktaur hits you but does no damage.
You hit the yaktaur but do no damage.
The yaktaur is lightly wounded.
The yaktaur hits you.
Your unstable footing causes you to fumble your attack.
The yaktaur closely misses you.
You feel much better. The yaktaur completely misses you.
Your unstable footing causes you to fumble your attack.
The yaktaur hits you.
Your unstable footing causes you to fumble your attack.
The yaktaur hits you but does no damage.
Your unstable footing causes you to fumble your attack.
You feel yourself slow down.
The yaktaur hits you but does no damage.
Your unstable footing causes you to fumble your attack.
The yaktaur hits you.
Your unstable footing causes you to fumble your attack.
The yaktaur hits you but does no damage.
Your unstable footing causes you to fumble your attack.
The yaktaur hits you but does no damage.
The yaktaur barely misses you.
Your unstable footing causes you to fumble your attack.
The yaktaur hits you!
You slash the yaktaur!
The yaktaur is moderately wounded.
The yaktaur hits you!
* * * LOW HITPOINT WARNING * * *
You slash the yaktaur!
The yaktaur is heavily wounded.
The yaktaur hits you but does no damage.
The yaktaur hits you!
You die...

. #}}▓......((▓▓ .####
+.####"|▓.[[.().)▓▓ ...#
...####▓....:..[▓▓ ##..##
#..# #▓......[.▓▓ .##..# +..#
#▓..[()...▓▓ .##..# #..#
#▓(...[:..▓▓
#.'..####..####▓..=([...▓▓
.##....###...##▓▓▓▓▓▓▓'▓▓▓▓+▓
.##......~~~~~~c@~~~~~..─Xw≈▓
##~~.§...~#'########+###.ww≈▓
~~§~~~~..~#_._.....#S§§##≈≈≈▓
~~~~~~~§.~#._._....#S§≈§####▓
~~≈§≈§§§~~#_._._...#~§§§§
~~~≈≈§§~~~#._._._..#§§~§§
#~≈§§≈≈≈≈~#_._._._.#~§~§
##≈§§###§§#._._._._#~§~~
#≈≈#.._._._.#§


You could see a yaktaur and 2 water moccasins.

Vanquished Creatures
  A polar bear (D)
  A hornet (D)
  Menkaure (D)
  4 necrophages (D)
  4 scorpions (D)
  2 worms (D)
13 creatures vanquished.

Vanquished Creatures (others)
  A water moccasin (D)
  8 tentacles (D)
9 creatures vanquished.

Grand Total: 22 creatures vanquished

Notes
Turn   | Place    | Note
-------+----------+-------------------------------------------
     0 | D        | dialectric the Gargoyle Fighter began the quest for the
                  | Orb.
     0 | D        | Reached XP level 1. HP: 14/14 MP: 1/1
    17 | D        | Reached skill level 1 in Dodging
    17 | D        | Reached XP level 2. HP: 16/20 MP: 2/2
    23 | D        | Noticed a necrophage
    23 | D        | Noticed a necrophage
    23 | D        | Noticed a necrophage
    23 | D        | Noticed a necrophage
    29 | D        | Killed a necrophage
    30 | D        | Reached skill level 5 in Fighting
    30 | D        | Reached skill level 5 in Armour
    30 | D        | Reached XP level 3. HP: 26/27 MP: 3/3
    30 | D        | Reached XP level 4. HP: 31/32 MP: 4/4
    33 | D        | Killed a necrophage
    34 | D        | Reached XP level 5. HP: 37/37 MP: 5/5
    35 | D        | Killed a water moccasin
    44 | D        | Reached skill level 5 in Long Blades
    44 | D        | Reached XP level 6. HP: 37/44 MP: 6/6
    71 | D        | Reached skill level 5 in Dodging
    71 | D        | Reached XP level 7. HP: 36/52 MP: 7/7
    81 | D        | Found an iron altar of Okawaru.
    81 | D        | Found a radiant altar of Vehumet.
    81 | D        | Found a glowing silver altar of Zin.
    82 | D        | Found a sparkling altar of Nemelex Xobeh.
    82 | D        | Found a hide-covered altar of Uskayaw.
    83 | D        | Found an opulent altar of Gozag.
    83 | D        | Found a burning altar of Makhleb.
    83 | D        | Found a bloodstained altar of Trog.
    83 | D        | Found a basalt altar of Yredelemnul.
    84 | D        | Found a blossoming altar of Fedhas.
    84 | D        | Found a corrupted altar of Lugonu.
    84 | D        | Found a shimmering blue altar of Sif Muna.
    85 | D        | Found a white marble altar of Elyvilon.
    85 | D        | Found an ancient bone altar of Kikubaaqudgha.
    86 | D        | Found a shadowy altar of Dithmenos.
    86 | D        | Found a viscous altar of Jiyva.
    87 | D        | Found a snail-covered altar of Cheibriados.
    89 | D        | Found a shimmering altar of Xom.
    89 | D        | Found a sacrificial altar of Ru.
    89 | D        | Found a hazy altar of Hepliaklqana.
    90 | D        | Found a glowing golden altar of the Shining One.
    90 | D        | Found an ornate altar of the Wu Jian Council.
    90 | D        | Found a stormy altar of Qazlal.
    95 | D        | Became a worshipper of Trog the Wrathful
   106 | D        | Noticed a kraken
   192 | D        | Noticed Menkaure
   219 | D        | Killed Menkaure
   220 | D        | Reached skill level 10 in Fighting
   244 | D        | Noticed a polar bear
   247 | D        | Noticed a hornet
   252 | D        | Noticed a yaktaur
   259 | D        | Killed a polar bear
   259 | D        | Reached * piety under Trog
   269 | D        | Killed a hornet
   270 | D        | Reached skill level 10 in Armour
   270 | D        | Reached XP level 8. HP: 13/59 MP: 8/8
   290 | D        | Slain by a yaktaur

Illustrated notes

Levels and vault maps discovered:
D:        the_violet_keep_of_menkaure [sprint2_stairs_cluster_1,
          sprint2_shoproom, sprint2_temple, sprint2_basic_supplies,
          sprint2_obstacle_5, sprint2_obstacle_7, sprint2_obstacle_6,
          sprint2_obstacle_1, sprint2_obstacle_4, sprint2_timed_cluster_1,
          sprint2_smallroom_cluster_1, sprint2_smallroom_final_cluster_1,
          sprint2_transparent_cluster_1, sprint2_second_timed_cluster_1,
          sprint2_sniper_area_1, sprint2_heavy_combat_area_1,
          sprint2_mutation_trap_area_1, sprint2_forest_area_1,
          sprint2_light_combat_area_1, sprint2_behind_water_1,
          sprint2_near_end_vault_1]

Skill      XL: |  1  2  3  4  5  6  7 |
---------------+----------------------+-----
Long Blades    | 2 3 4 5 6 9 |  9.6
Fighting       | 4 5 6 8 9 10 | 10.9
Armour         | 4 5 6 7 9 10 | 10.1
Dodging        | 1 2 3 4 5 |  5.0
Stealth        | |  0.1
Shields        | |  3.2

Action                     |  1- 3 |  4- 6 |  7- 9 || total
---------------------------+-------+-------+-------++-------
  Melee: Long sword        |    11 |    38 |    43 ||    92
    Use: Potion            |     1 |       |     5 ||     6
         Scroll            |       |       |     1 ||     1
 Armour: Scale mail        |     3 |    16 |    23 ||    42
  Dodge: Dodged            |     4 |    18 |    22 ||    44

Table legend: (Time is in decaauts)
 A = Elapsed time spent in this place.
 B = Non-inter-level travel time spent in this place.
 C = Inter-level travel time spent in this place.
 D = Time resting spent in this place.
 E = Time spent auto-exploring this place.
 F = Levels seen in this place.
 G = Mean time per level.
                   A        B        C        D        E       F      G
               +--------+--------+--------+--------+--------+-----+--------+
         Total |    295 |    295 |      0 |      0 |      0 |   1 |  295.0 |
       Dungeon |    295 |    295 |      0 |      0 |      0 |   1 |  295.0 |
               +--------+--------+--------+--------+--------+-----+--------+

Top non-repeatable levels by time:
       D: 295 daAuts
